AoeStats
← ME_DEPRIME_JUGAR_CON_USTEDES

Arena

509514359Analyzed
4v4 RM · 4d ago on Sep 27, 2026· 45m 16s· 8 players
Game mode
Random Map
Map size
Large (8 player)
Population
200
Speed
Normal
Resources
Standard
Victory
Conquest
Starting age
Dark Age
Ending age
Imperial Age
RankedLock teamsTeams togetherTeam positionsShared explorationLock speedFull tech treeHidden civsTurbo modeCheats
Victory
Defeat
🇦🇷 Persians · Argentina
1437
+17
🇳🇱 Wei · Netherlands
1416
+18
🇺🇸 Saxons · United States
1381
+19
🇧🇷 Bohemians · Brazil
1379
+19
🇦🇷 Huns · Argentina
1580
-23
🇦🇷 Teutons · Argentina
1484
-20
🇦🇷 Byzantines · Argentina
1447
-18
🇦🇷 Turks · Argentina
1295
-12
BloodyCalyps
10:28 Feudal Age
14:59 Castle Age
13:19 Double-Bit Axe
13:37 Horse Collar
15:12 Gold Mining
20:25 Heavy Plow
24:03 Gold Mining
25:32 Wheelbarrow
24:44 Loom
25:42 Stone Mining
27:19 Gold Shaft Mining
30:27 Imperial Age
28:40 Bloodlines
28:31 Husbandry
29:44 Forging
29:39 Scale Barding Armor
30:50 Hand Cart
31:00 Heavy Hei Guang Cavalry
32:23 Conscription
33:31 Ming Guang Armor
33:47 Iron Casting
34:25 Chain Barding Armor
35:08 Crop Rotation
38:39 Blast Furnace
37:04 Light Cavalry
38:15 Tuntian
38:42 Bow Saw
39:42 Hussar
41:44 Fletching
43:49 Hoardings
43:48 Bodkin Arrow
43:24 Elite Tiger Cavalry
Rubio Menemista
9:37 Feudal Age
13:19 Castle Age
11:50 Double-Bit Axe
12:35 Horse Collar
20:45 Fervor
23:32 Wheelbarrow
23:27 Heavy Plow
23:46 Bow Saw
25:45 Stone Mining
26:51 Gold Mining
29:53 Imperial Age
28:34 Hand Cart
28:39 Loom
29:17 Scale Barding Armor
30:27 Chain Barding Armor
31:05 Forging
31:41 Conscription
32:01 Stone Shaft Mining
32:18 Plate Barding Armor
31:27 Elite War Elephant
32:44 Iron Casting
33:51 Crop Rotation
34:56 Blast Furnace
34:10 Bloodlines
34:11 Husbandry
34:53 Masonry
39:46 Gold Shaft Mining
42:29 Architecture
44:37 Hoardings
44:22 Herbal Medicine
45:40 Two-Man Saw
45:53 Chemistry
44:45 Fletching
逆·风
11:18 Feudal Age
12:02 Double-Bit Axe
14:56 Castle Age
13:04 Horse Collar
16:11 Heavy Plow
16:32 Fervor
17:12 Loom
18:43 Chemistry
18:02 Loom
22:19 Ballistics
23:02 Wheelbarrow
23:37 Padded Archer Armor
25:26 Leather Archer Armor
25:02 Town Watch
25:38 Fletching
26:34 Wagenburg Tactics
27:03 Bodkin Arrow
27:14 Elite Skirmisher
28:55 Masonry
29:39 Murder Holes
32:39 Hand Cart
36:08 Imperial Age
38:38 Ring Archer Armor
38:08 Scale Mail Armor
38:19 Forging
38:53 Bracer
39:36 Sanctity
41:30 Pikeman
45:00 Scale Mail Armor
45:11 Forging
45:03 Squires
44:49 Arson
DoctorDubbz
10:25 Feudal Age
8:50 Loom
10:51 Feudal Age
11:52 Double-Bit Axe
18:28 Castle Age
17:26 Horse Collar
19:46 Bow Saw
27:35 Wheelbarrow
30:43 Scale Mail Armor
30:54 Forging
30:55 Gold Mining
34:33 Imperial Age
32:24 Squires
32:10 Gambesons
34:17 Chain Mail Armor
34:42 Arson
35:36 Iron Casting
37:25 Plate Mail Armor
37:36 Conscription
38:25 Hand Cart
38:26 Elite Varangian Guard
39:31 Shield Wall
40:55 Fletching
41:54 Heavy Plow
41:42 Town Watch
42:42 Gold Shaft Mining
41:31 Elite Skirmisher
42:09 Bodkin Arrow
42:16 Padded Archer Armor
43:03 Bracer
43:15 Thumb Ring
45:26 Chemistry
44:49 Ballistics
44:20 Guard Tower
44:16 Arrowslits
44:49 Leather Archer Armor
JLoops
11:04 Feudal Age
14:35 Castle Age
13:00 Horse Collar
13:05 Double-Bit Axe
15:58 Bow Saw
15:48 Heavy Plow
18:38 Loom
22:17 Wheelbarrow
23:32 Hand Cart
23:52 Gold Mining
27:50 Imperial Age
26:03 Gold Shaft Mining
26:28 Treadmill Crane
27:04 Scale Barding Armor
27:05 Loom
27:40 Forging
28:16 Chain Barding Armor
28:22 Husbandry
28:13 Heavy Camel Rider
30:15 Plate Barding Armor
30:47 Iron Casting
31:27 Two-Man Saw
30:57 Crop Rotation
31:25 Crop Rotation
30:46 Stone Mining
30:58 Caravan
33:31 Conscription
34:35 Hoardings
33:59 Murder Holes
34:15 Fortified Wall
37:02 Capped Ram
38:01 Pikeman
38:42 Squires
38:43 Scale Mail Armor
39:26 Siege Ram
39:44 Halberdier
43:45 Chain Mail Armor
43:17 Gambesons
45:02 Plate Mail Armor
menos que Corky
9:48 Feudal Age
14:37 Castle Age
23:21 Imperial Age
21:45 Double-Bit Axe
22:58 Gold Mining
ME_DEPRIME_JUGAR_CON_USTEDES
10:47 Feudal Age
12:40 Double-Bit Axe
15:18 Castle Age
13:04 Horse Collar
14:20 Bloodlines
15:10 Scale Barding Armor
19:27 Chain Barding Armor
20:51 Forging
22:40 Wheelbarrow
24:50 Gold Mining
25:45 Iron Casting
25:15 Husbandry
26:58 Gold Mining
34:47 Imperial Age
32:56 Fletching
33:06 Padded Archer Armor
34:52 Cavalier
36:08 Plate Barding Armor
36:27 Bodkin Arrow
36:56 Heavy Plow
37:08 Bow Saw
37:26 Bracer
37:50 Caravan
37:57 Squires
37:18 Pikeman
39:05 Two-Man Saw
38:14 Thumb Ring
39:13 Chemistry
38:45 Conscription
39:22 Hand Cart
39:56 Gold Shaft Mining
39:57 Leather Archer Armor
40:17 Parthian Tactics
40:08 Heavy Cavalry Archer
42:17 Ballistics
44:23 Blast Furnace
44:03 Scale Mail Armor
44:45 Paladin
Nikems
5:34 Loom
8:12 Feudal Age
9:28 Double-Bit Axe
13:24 Fletching
16:36 Town Watch
19:39 Horse Collar
21:45 Wheelbarrow
26:02 Castle Age
25:12 Stone Mining
25:12 Gold Mining
27:12 Bow Saw
27:04 Heavy Plow
29:07 Hand Cart
35:11 Imperial Age
33:58 Fortified Wall
33:44 Pikeman
34:26 Squires
35:01 Scale Mail Armor
35:14 Forging
36:32 Conscription
37:21 Bodkin Arrow
37:26 Padded Archer Armor
38:33 Chemistry
39:47 Two-Man Saw
39:49 Hoardings
39:37 Chain Mail Armor
39:57 Iron Casting
40:28 Crenellations
40:20 Masonry
40:47 Scale Barding Armor
40:59 Leather Archer Armor
41:14 Cavalier
42:04 Bloodlines
43:16 Chain Barding Armor
43:59 Blast Furnace
Connection lost

Rejoining the realm…

Still unreachable

The connection could not be restored.

Session expired

The server has moved on; the page needs a fresh start.